 Dungeon Crawl Stone Soup version 0.25.1-2-g60ff931df9 (webtiles) character file.

Game seed: 17845027654177317235

277 funkygono the Conjurer (level 6, 0/45 HPs)
             Began as a Draconian Conjurer on Aug 17, 2020.
             Slain by an orc warrior
             ... wielding a +0 scimitar
              (11 damage)
             ... on level 3 of the Dungeon.
             The game lasted 00:07:02 (3797 turns).

funkygono the Conjurer (Draconian Conjurer)         Turns: 3797, Time: 00:07:02

Health: 0/45       AC:  9    Str: 11    XL:     6   Next: 4%
Magic:  4/11       EV: 12    Int: 17    God:
Gold:   114        SH:  0    Dex: 11    Spells: 6/12 levels left

rFire    . . .     SeeInvis .   h - +3 flail (drain)
rCold    . . .     Gourm    .   (no shield)
rNeg     . . .     Faith    .   (armour unavailable)
rPois    .         Spirit   .   (helmet restricted)
rElec    .         Reflect  .   o - +0 cloak
rCorr    .         Harm     .   (no gloves)
MR       .....                  e - +1 pair of boots
Stlth    ++........             g - amulet of inaccuracy (curse)
HPRegen  0.15/turn              (no ring)
MPRegen  0.12/turn              (no ring)

@: very slightly contaminated
A: unfitting armour, cold-blooded, AC +6
a: no special abilities


You were on level 3 of the Dungeon.
You were not hungry.

You visited 1 branch of the dungeon, and saw 3 of its levels.

You collected 114 gold pieces.

Inventory:

Hand Weapons
 h - a +3 flail of draining (weapon)
 n - a +3 quarterstaff of chaos
Missiles
 d - 39 stones (quivered)
Armour
 e - a +1 pair of boots (worn)
 o - a +0 cloak (worn)
Jewellery
 g - a cursed amulet of inaccuracy (around neck)
 i - a +6 ring of intelligence {unknown}
 k - an uncursed amulet of the acrobat
Wands
 c - a wand of random effects (10)
Scrolls
 a - 2 scrolls of identify
 l - a scroll of remove curse {unknown}
Potions
 f - 2 potions of heal wounds
 j - a potion of curing
 m - 2 potions of haste
Comestibles
 b - 5 rations
 p - a chunk of flesh


   Skills:
 + Level 0.1 Fighting
 + Level 1.0 Maces & Flails
 + Level 2.4 Dodging
 + Level 2.3 Stealth
 + Level 3.5 Spellcasting
 + Level 5.8 Conjurations


You had 6 spell levels left.
You knew the following spells:

 Your Spells              Type           Power        Failure   Level  Hunger
a - Magic Dart            Conj           ###.         1%          1    None
b - Searing Ray           Conj           ###...       2%          2    ##.....
c - Dazzling Flash        Conj/Hex       ##....       16%         3    ###....

Your spell library contained the following spells:

 Spells                   Type           Power        Failure   Level  Hunger
 Fulminant Prism          Conj/Hex       ##........   45%         4    ####...
 Iskenderun's Mystic Bla  Conj/Tloc      ##......     45%         4    ####...


Dungeon Overview and Level Annotations

Branches:
Dungeon (3/15)

Altars:
Cheibriados
Kikubaaqudgha
Sif Muna


Innate Abilities, Weirdness & Mutations

Your plain brown scales are hard. (AC +6)
You cannot fit into any form of body armour.
You are cold-blooded and may be slowed by cold attacks.


Message History

Aiming: Searing Ray (safe; 2% risk of failure)
Press: ? - help, Shift-Dir - straight line, f - orc warrior
Aim: an orc warrior, wielding a +0 scimitar and wearing a +0 chain mail The searing ray hits the orc warrior.
The orc warrior is lightly wounded. (Press . to maintain the ray.)
The orc warrior hits you with a +0 scimitar!!
The searing ray hits the orc warrior.
The orc warrior is moderately wounded.
The orc warrior hits you with a +0 scimitar!
The searing ray hits the orc warrior but does no damage.
The orc warrior is moderately wounded.
The orc warrior hits you with a +0 scimitar.
* * * LOW HITPOINT WARNING * * *
Some of the chunks of flesh in your inventory have rotted away.
The searing ray hits the orc warrior but does no damage.
The orc warrior is moderately wounded.
You finish channeling your searing ray.
The orc warrior hits you with a +0 scimitar!
You die...

#..#..###.#
###..##...#
#_########### ###
##...#
###########.....
#..รท............
#.#########.....
#######.# ##...#
#.g.o@..# #####
#o####### ...
#..#. ....#. .g#.
#. . # .. .#


You could see an orc warrior, an orc wizard and a hobgoblin.

Vanquished Creatures
  A centaur (D:3)
  Crazy Yiuf (D:3)
  Ijyb (D:3)
  2 adders (D:3)
  3 gnolls (D:2)
  A shadow imp (D:3)
  4 oozes
  5 worms
  2 leopard geckos
  3 giant cockroaches
  10 goblins
  3 hobgoblins
  2 quokkas
  A ball python (D:3)
  6 bats
  5 frilled lizards
  7 kobolds
  11 rats
68 creatures vanquished.

Notes
Turn   | Place    | Note
-------+----------+-------------------------------------------
     0 | D:1      | funkygono the Draconian Conjurer began the quest for the
                  | Orb.
     0 | D:1      | Reached XP level 1. HP: 14/14 MP: 3/3
   150 | D:1      | Reached XP level 2. HP: 15/20 MP: 0/5
   154 | D:1      | Learned a level 2 spell: Searing Ray
  1055 | D:2      | Reached XP level 3. HP: 26/26 MP: 2/6
  1165 | D:2      | Reached skill level 5 in Conjurations
  1468 | D:2      | Reached XP level 4. HP: 33/33 MP: 3/7
  1473 | D:2      | Learned a level 3 spell: Dazzling Flash
  2736 | D:3      | Noticed Ijyb
  2752 | D:3      | Killed Ijyb
  2876 | D:3      | Reached XP level 5. HP: 34/38 MP: 5/9
  2947 | D:3      | Found a runed translucent door.
  2948 | D:3      | Noticed Crazy Yiuf
  2955 | D:3      | Killed Crazy Yiuf
  3494 | D:3      | Found an ancient bone altar of Kikubaaqudgha.
  3494 | D:3      | Found a snail-covered altar of Cheibriados.
  3576 | D:3      | Noticed a centaur
  3583 | D:3      | Killed a centaur
  3583 | D:3      | Reached skill level 1 in Maces & Flails
  3583 | D:3      | Reached XP level 6. HP: 32/45 MP: 4/11
  3716 | D:3      | Found a shimmering blue altar of Sif Muna.
  3785 | D:3      | Noticed an orc warrior
  3797 | D:3      | Slain by an orc warrior

Illustrated notes

Levels and vault maps discovered:
D:1:      minmay_arrival_up_and_down, layout_basic, minmay_tripent
D:2:      layout_basic, serial_bayou_ford_a
D:3:      layout_loops_ring, marbit_many_paths, amethyst_overflow_temple_binary,
          serial_bayou, serial_bayou_lagoon_a, serial_bayou_crossing,
          serial_bayou_pond_d, serial_bayou_lake_a, first_ration, uniq_ijyb,
          uniq_crazy_yiuf_cottage, uniq_natasha

Skill      XL: |  1  2  3  4  5 |
---------------+----------------+-----
Conjurations   | 5 |  5.8
Stealth        | 2 |  2.3
Dodging        | 2 |  2.4
Spellcasting   | 3 |  3.5
Maces & Flails | 1 |  1.0
Fighting       | |  0.1

Action                   |  1- 3 |  4- 6 || total
-------------------------+-------+-------++-------
Melee: Club              |    19 |       ||    19
       Tailslap          |     1 |       ||     1
       Flail             |     1 |    24 ||    25
 Cast: Magic Dart        |    48 |    74 ||   122
       Searing Ray       |     3 |    11 ||    14
  Use: Scroll            |     3 |     8 ||    11
  Eat: Chunk             |     3 |     8 ||    11
Armor: Skin              |     7 |    13 ||    20
Dodge: Dodged            |    30 |    44 ||    74
